 Dungeon Crawl Stone Soup version 0.28.0-49-g6dfe1f597d (webtiles) character file.

Game seed: 17916027048771206986

39444 pkoi the Martial Artist (level 13, -4/104 HPs)
             Began as a Demigod Gladiator on May 16, 2022.
             Slain by a catoblepas (7 damage)
             ... while petrified by a catoblepas
             ... on level 6 of the Lair of Beasts.
             The game lasted 00:39:53 (32962 turns).

pkoi the Martial Artist (Demigod Gladiator)        Turns: 32962, Time: 00:39:54

Health: -4/104     AC: 26    Str: 15    XL:     13   Next: 35%
Magic:  0/21       EV:  2    Int: 26    God:
Gold:   875        SH:  0    Dex: 19    Spells: 16/18 levels left

rFire   . . .      SeeInvis +     - Unarmed
rCold   . . .      Faith    .   F - +0 buckler
rNeg    + + +      Spirit   +   E - +9 chain mail of Distant Worlds {Dex+4}
rPois   ∞          Reflect  .   n - +2 hat
rElec   .          Harm     .   J - scarf {repulsion}
rCorr   .          Rampage  .   u - +1 pair of gloves
Will    +....                   s - +0 pair of boots
Stlth   ..........              M - amulet of guardian spirit
HPRegen 0.27/turn               a - ring of see invisible
MPRegen 0.17/turn               G - ring of poison resistance

@: petrified, studying Shields, repel missiles
A: high MP 1, forlorn, divine attributes
a: no special abilities


You were on level 6 of the Lair of Beasts.
You visited 2 branches of the dungeon, and saw 16 of its levels.

You collected 875 gold pieces.

Inventory:

Hand Weapons
 e - a +2 dagger of draining
 f - a +0 short sword of draining
 i - a +1 short sword of holy wrath
 m - the +8 trident of the Octopus King {venom, rElec rPois}
   (You found it on level 2 of the Dungeon)

   It poisons the flesh of those it strikes.
   rElec:     It insulates you from electricity.
   rPois:     It protects you from poison.
 t - the +7 hand axe of a Gauntlet {flame, rF- Str+3 SInv}
   (You found it on level 7 of the Dungeon)

   It burns those it strikes, dealing additional fire damage.
   Big, fiery blades are also staple armaments of hydra-hunters.
   Str:       It affects your strength (+3).
   rF:        It makes you vulnerable to fire.
   SInv:      It lets you see invisible.
Missiles
 c - 2 throwing nets (quivered)
 l - 7 curare-tipped darts
 x - 32 poisoned darts
Armour
 n - a +2 hat (worn)
 s - a +0 pair of boots (worn)
 u - a +1 pair of gloves (worn)
 E - the +9 chain mail of Distant Worlds (worn) {Dex+4}
   (You found it on level 9 of the Dungeon)

   Dex:       It affects your dexterity (+4).
 F - a +0 buckler (worn)
 J - a scarf of repulsion (worn)
Jewellery
 a - a ring of see invisible (left hand)
 g - a +6 ring of intelligence
 G - a ring of poison resistance (right hand)
 M - an amulet of guardian spirit (around neck)
Wands
 b - a wand of paralysis (8)
 k - a wand of flame (18)
 y - a wand of iceblast (14)
 A - a wand of acid (10)
 B - a wand of mindburst (10)
 C - a wand of charming (8)
Scrolls
 j - a scroll of fear
 v - 5 scrolls of identify
 w - 5 scrolls of blinking
 D - a scroll of teleportation
 H - 2 scrolls of magic mapping
 K - 3 scrolls of enchant armour
Potions
 d - a potion of lignification
 h - 3 potions of brilliance
 o - 6 potions of curing
 p - 2 potions of flight
 q - 2 potions of ambrosia
 r - 3 potions of might
 z - 2 potions of heal wounds
 I - a potion of invisibility {unknown}
 L - 2 potions of haste


   Skills:
 + Level 6.8 Fighting
 - Level 1.7 Throwing
 + Level 10.0 Armour
 - Level 6.1 Dodging
 + Level 9.1 Shields
 * Level 14.6 Unarmed Combat
 - Level 3.0 Spellcasting
 - Level 3.0 Conjurations
 - Level 3.0 Translocations
 + Level 5.6 Evocations


You had 16 spell levels left.
You knew the following spells:

 Your Spells              Type           Power      Damage    Failure   Level
a - Magic Dart            Conj           76%        1d6       38%         1
b - Apportation           Tloc           38%        N/A       38%         1

Your spell library contained the following spells:

 Spells                   Type           Power      Damage    Failure   Level
 Gell's Gravitas          Tloc           19%        N/A       77%         3
 Lesser Beckoning         Tloc           19%        N/A       77%         3
 Teleport Other           Tloc           19%        N/A       77%         3
 Animate Skeleton         Necr           6%         N/A       80%         1
 Pain                     Necr           12%        1d4       80%         1
 Summon Small Mammal      Summ           12%        N/A       80%         1
 Call Imp                 Summ           3%         N/A       91%         2
 Sublimation of Blood     Necr           3%         N/A       91%         2
 Wereblood                Tmut           3%         N/A       91%         2
 Mephitic Cloud           Conj/Pois/Air  9%         N/A       95%         3
 Ozocubu's Armour         Ice            3%         N/A       99%         3
 Agony                    Necr           3%         N/A       100%        5
 Alistair's Intoxication  Tmut/Pois      2%         N/A       100%        5
 Borgnjor's Vile Clutch   Necr/Erth      1%         N/A       100%        5
 Excruciating Wounds      Necr           1%         N/A       100%        5
 Metabolic Englaciation   Hex/Ice        1%         N/A       100%        5
 Eringya's Noxious Bog    Tmut/Pois      1%         N/A       100%        6
 Simulacrum               Ice/Necr       1%         N/A       100%        6
 Summon Hydra             Summ           1%         N/A       100%        7


Dungeon Overview and Level Annotations

Branches:
Dungeon (10/15)            Temple (0/1) D:6            Lair (6/6) D:9
 Shoals (0/4) Lair:2        Snake (0/4) Lair:2        Slime (0/5) Lair:6
    Orc: D:9-12

Shops:
D:1 ?   D:4 *   D:7 (   D:8 [

Annotations:
Lair:1 1 runed translucent door, Malificent's ghost, journeyman DsMo
Lair:5 exclusion: oklob plant


Innate Abilities, Weirdness & Mutations

You have an increased reservoir of magic. (+10% MP)
You shall have no god before yourself.
Your divine heritage dramatically boosts your attributes as you level up.


Message History

The catoblepas is severely wounded.
The catoblepas gores you!
* * * LOW HITPOINT WARNING * * *
You have turned to stone.
The catoblepas gores you but does no damage. x2
The catoblepas gores you.
* * * LOW HITPOINT WARNING * * *
The catoblepas gores you!
* * * LOW HITPOINT WARNING * * *
The catoblepas gores you!!
* * * LOW HITPOINT WARNING * * *
The catoblepas gores you but does no damage. x2
You turn to flesh and can move again.
You punch the catoblepas!
The catoblepas is almost dead.
The catoblepas breathes a plume of calcifying dust at you.
The blast of calcifying dust hits you but does no damage.
Unknown command.
You hit the catoblepas.
The catoblepas is almost dead.
You are engulfed in calcifying dust.
You are slowing down.
The catoblepas breathes a plume of calcifying dust at you.
The blast of calcifying dust hits you but does no damage.
You hit the catoblepas but do no damage.
The catoblepas is almost dead.
You are engulfed in calcifying dust.
The catoblepas gores you but does no damage.
Your limbs are stiffening.
Unknown command.
Unknown command.
You block the catoblepas's attack. The catoblepas gores you!!
* * * LOW HITPOINT WARNING * * *
You have turned to stone.
The catoblepas gores you but does no damage.
The catoblepas gores you!
* * * LOW HITPOINT WARNING * * *
The catoblepas stomps with a crash on the ground.
The catoblepas gores you!
You die...

#### .#.## # ##..##
#..#..#.#..P. ## ## ##...
..#....#.# . .#####....
#...##.##... ..#.##...#
##..#....... .(.......#
##..§..#....
.........####...@Y.......
#.........#.....##......P
......P..#....### .....P#
...##P...##..## .......
........##.....# ......#
##.....###....## ..#...#
#.....P......... .......
.................
....)#............#


You could see a catoblepas.

Vanquished Creatures
  A boulder beetle (Lair:5)
  5 hydras
  A catoblepas (Lair:5)
  A centaur warrior (D:9)
  3 two-headed ogres (D:9)
  Urug (Lair:4)
  6 elephants
  6 black mambas
  Maggie (D:6)
  3 rime drakes
  9 cane toads
  8 komodo dragons
  A troll (D:9)
  A polar bear (Lair:1)
  3 hornets
  A snapping turtle (Lair:2)
  Prince Ribbit (D:6)
  16 blink frogs
  5 dream sheep (Lair:5)
  Grinder (D:5)
  A shadow (D:9)
  35 yaks
  6 wyverns
  4 hogs
  2 steam dragons
  6 basilisks
  Menkaure (D:4)
  2 swamp worms
  11 water moccasins
  A swamp drake (D:9)
  2 orc warriors
  2 ice beasts
  A black bear (Lair:5)
  2 ogres
  A necrophage (D:4)
  8 centaurs
  21 wolves
  A phantom (D:7)
  3 kobold brigands
  2 scorpions
  15 bullfrogs
  3 gnoll sergeants
  7 killer bees
  16 wights
  3 howler monkeys
  3 electric eels
  A bullfrog zombie (D:6)
  5 centaur zombies
  2 orc priests
  4 hounds
  16 jellies
  A bullfrog skeleton (D:4)
  A centaur skeleton (D:7)
  A gnoll shaman (D:8)
  An iguana (D:5)
  Ijyb (D:4)
  Natasha (D:2)
  8 orc wizards
  3 killer bee zombies
  A hound zombie (D:5)
  18 gnolls
  2 adders
  A howler monkey skeleton (D:6)
  A shadow imp (D:5)
  An ufetubus (D:4)
  A worm (D:3)
  2 dart slugs
  36 orcs
  3 ball pythons
  4 endoplasms
  5 giant cockroaches
  4 goblins
  4 hobgoblins
  9 kobolds
  2 quokkas
  5 bats
  7 rats
384 creatures vanquished.

Vanquished Creatures (others)
  Kirke (Lair:4)
  A cane toad (Lair:4)
  A basilisk (D:9)
  A human (Lair:4)
  A swamp worm (D:7)
  2 howler monkeys (D:9)
  46 fungi
  56 plants
109 creatures vanquished.

Grand Total: 493 creatures vanquished

Notes
Turn   | Place    | Note
-------+----------+-------------------------------------------
     0 | D:1      | pkoi the Demigod Gladiator began the quest for the Orb.
     0 | D:1      | Reached XP level 1. HP: 17/17 MP: 3/3
   236 | D:1      | Reached skill level 3 in Unarmed Combat
   474 | D:1      | Reached XP level 2. HP: 20/24 MP: 4/4
   753 | D:1      | Found Sastroh's Magic Scroll Boutique.
   985 | D:2      | Reached XP level 3. HP: 17/30 MP: 5/5
  1950 | D:2      | Found the +8 trident of the Octopus King {venom, rElec
                  | rPois}
  2136 | D:2      | Reached skill level 4 in Unarmed Combat
  2154 | D:2      | Reached XP level 4. HP: 22/37 MP: 6/6
  2571 | D:3      | Noticed Natasha
  2587 | D:2      | Killed Natasha
  2757 | D:3      | Identified the +5 ring mail of Inaction {MP+9}
  3282 | D:4      | Noticed a necrophage
  3289 | D:4      | Killed a necrophage
  3290 | D:4      | Reached skill level 1 in Armour
  3290 | D:4      | Reached XP level 5. HP: 40/45 MP: 7/7
  3474 | D:3      | Reached skill level 5 in Unarmed Combat
  3474 | D:3      | Reached XP level 6. HP: 15/51 MP: 8/8
  4267 | D:4      | Found Raitynk's Fire Supplies.
  4611 | D:5      | Entered Level 5 of the Dungeon
  4611 | D:5      | Noticed Ijyb
  4739 | D:5      | Noticed Menkaure
  4748 | D:4      | Killed Ijyb
  4749 | D:4      | Reached XP level 7. HP: 30/58 MP: 9/9
  5067 | D:5      | Learned a level 1 spell: Apportation
  5310 | D:5      | Noticed Grinder
  5324 | D:5      | Killed Grinder
  5325 | D:5      | Reached skill level 6 in Unarmed Combat
  5325 | D:5      | Reached skill level 1 in Translocations
  5448 | D:5      | Reached skill level 1 in Spellcasting
  5865 | D:6      | Reached XP level 8. HP: 57/67 MP: 13/13
  6085 | D:6      | Learned a level 1 spell: Magic Dart
  6246 | D:6      | Found a staircase to the Ecumenical Temple.
  6786 | D:6      | Reached skill level 7 in Unarmed Combat
  6786 | D:6      | Reached skill level 1 in Conjurations
  6937 | D:6      | Noticed Maggie
  6947 | D:6      | Killed Maggie
  7470 | D:6      | Noticed Prince Ribbit
  7489 | D:6      | Killed Prince Ribbit
  7490 | D:6      | Reached skill level 5 in Fighting
  7490 | D:6      | Reached skill level 5 in Dodging
  7490 | D:6      | Reached XP level 9. HP: 74/74 MP: 16/16
  8249 | D:7      | Identified the +7 hand axe of a Gauntlet {flame, rF- Str+3
                  | SInv}
  9285 | D:7      | Reached skill level 8 in Unarmed Combat
  9838 | D:7      | Found Xisim's Antique Weapon Emporium.
 11333 | D:8      | Found Saptaub's Armour Boutique.
 11806 | D:9      | Reached skill level 5 in Armour
 11952 | D:9      | Reached XP level 10. HP: 66/79 MP: 17/17
 12537 | D:9      | Reached skill level 9 in Unarmed Combat
 14091 | D:9      | Noticed a two-headed ogre
 14092 | D:9      | Noticed a centaur warrior
 14092 | D:9      | Noticed a two-headed ogre
 14493 | D:4      | Killed Menkaure
 14812 | D:10     | Entered Level 10 of the Dungeon
 15162 | D:9      | Found a staircase to the Lair.
 15190 | D:9      | Identified the +9 chain mail of Distant Worlds {Dex+4}
 15219 | Lair:1   | Entered Level 1 of the Lair of Beasts
 15287 | D:9      | Reached skill level 10 in Unarmed Combat
 15884 | D:9      | Killed a two-headed ogre
 16172 | D:9      | You fall into a shaft and drop 1 floor!
 16223 | D:10     | Reached skill level 11 in Unarmed Combat
 16223 | D:10     | Reached XP level 11. HP: 21/89 MP: 19/19
 16649 | D:9      | Killed a centaur warrior
 16981 | D:9      | Killed a two-headed ogre
 18639 | D:9      | Noticed a two-headed ogre
 18648 | D:9      | Killed a two-headed ogre
 18649 | D:9      | Reached skill level 1 in Shields
 18649 | D:9      | Reached skill level 12 in Unarmed Combat
 18789 | D:9      | Identified the +3 ring mail "Egylel" {rPois}
 19183 | Lair:1   | Noticed a seven-headed hydra
 19254 | Lair:1   | Found a runed translucent door.
 19492 | Lair:1   | Identified the +6 flail of Fimnim {vorpal, Int+2}
 19602 | Lair:1   | Killed a seven-headed hydra
 19712 | Lair:1   | Noticed Malificent's ghost (journeyman DsMo)
 19793 | Lair:1   | Reached skill level 1 in Evocations
 21574 | Lair:2   | Reached skill level 5 in Shields
 21574 | Lair:2   | Found a staircase to the Snake Pit.
 21587 | Lair:2   | Reached XP level 12. HP: 70/96 MP: 20/20
 21961 | Lair:2   | Found a staircase to the Shoals.
 21995 | Lair:2   | Reached skill level 13 in Unarmed Combat
 25750 | Lair:4   | Noticed a four-headed hydra
 25932 | Lair:4   | Killed a four-headed hydra
 26312 | Lair:4   | Noticed an eight-headed hydra
 26705 | Lair:4   | Noticed Kirke
 26713 | Lair:3   | Killed an eight-headed hydra
 27162 | Lair:4   | Killed Kirke
 27188 | Lair:4   | Noticed Urug
 27379 | Lair:4   | Killed Urug
 28102 | Lair:5   | Reached skill level 14 in Unarmed Combat
 28224 | Lair:5   | Noticed a boulder beetle
 28286 | Lair:5   | Killed a boulder beetle
 29158 | Lair:5   | Reached XP level 13. HP: 73/102 MP: 21/21
 29162 | Lair:5   | Reached skill level 5 in Evocations
 30460 | Lair:6   | Entered Level 6 of the Lair of Beasts
 30460 | Lair:6   | Found a staircase to the Slime Pits.
 32049 | Lair:6   | Reached skill level 10 in Armour
 32961 | Lair:6   | HP: 3/104 [catoblepas (5)]
 32962 | Lair:6   | Slain by a catoblepas

Illustrated notes

Levels and vault maps discovered:
D:1:      dpeg_arrival_leaves_temple_mockup, layout_rooms, serial_shops, shop
D:2:      layout_rooms, dreamdust_ecumenical_altar_statues, nrook_campfire
D:3:      layout_rooms, uniq_natasha
D:4:      layout_gridville, mainiacjoe_overflow_alcove_3, nicolae_shop_fire_sale
          [nicolae_sub_dead_trees]
D:5:      layout_rooms, grunt_ministairs_2, uniq_menkaure, uniq_grinder,
          uniq_ijyb
D:6:      layout_basic, minmay_temple_entry_antechambers, serial_bayou_ford_a,
          uniq_maggie, uniq_prince_ribbit1
D:7:      minmay_general_purpose_star, layout_basic, serial_shops,
          kennysheep_mini, st_stairs_1, worms_lemuel
D:8:      layout_basic, serial_shops, nicolae_shop_waterfront
D:9:      minmay_imperfect_grid, layout_cave_pools, erik_lair_dragon,
          eino_small_chamber_without_monster, grunt_ministairs_7, minivault_27
D:10:     layout_long_grid, mainiacjoe_overflow_paths, lightli_temple_of_fire,
          serial_shops, shop
Lair:1:   layout_hall_layers, ebering_ghost_reflecting_pool
Lair:2:   layout_gridlike, minmay_shoals_entry_hut, dummy_snake_entry,
          lemuel_fruit_tree
Lair:3:   layout_gridlike
Lair:4:   layout_loops_ring, uniq_kirke, uniq_urug
Lair:5:   layout_small_grid, minmay_lair_oklob_items
Lair:6:   wormcave, layout_layer_cave, minmay_slime_entry_jelly_boxes

Skill      XL: |  1  2  3  4  5  6  7  8  9 10 11 12 13 |
---------------+----------------------------------------+-----
Fighting       | 2 3 4 5 6 |  6.8
Unarmed Combat | 3 4 5 6 7 8 11 12 14 | 14.6
Armour         | 1 2 3 5 7 8 9 10 | 10.0
Dodging        | 3 4 5 6 |  6.1
Translocations | 1 2 3 |  3.0
Spellcasting   | 1 2 3 |  3.0
Conjurations   | 2 3 |  3.0
Shields        | 5 8 9 |  9.1
Evocations     | 2 4 5 |  5.6
Throwing       | |  1.7

Action                   |  1- 3 |  4- 6 |  7- 9 | 10-12 | 13-15 || total
-------------------------+-------+-------+-------+-------+-------++-------
Melee: Unarmed           |    44 |       |       |   782 |   293 ||  1119
       Short sword       |    32 |       |       |       |       ||    32
       Dagger            |    32 |       |       |       |       ||    32
       Punch             |     3 |     4 |    14 |    11 |       ||    32
       Trident           |     6 |   103 |   328 |   301 |       ||   738
Throw: Throwing net      |     1 |       |       |       |       ||     1
Evoke: Wand              |       |       |     6 |    15 |       ||    21
  Use: Scroll            |     3 |     3 |     6 |     8 |       ||    20
       Potion            |     1 |       |     2 |     1 |       ||     4
 Stab: Distracted        |       |       |       |     1 |       ||     1
Armor: Leather armour    |    38 |     9 |       |       |       ||    47
       Ring mail         |       |    54 |   197 |    75 |       ||   326
       Chain mail        |       |       |       |   872 |   169 ||  1041
Dodge: Dodged            |    92 |    61 |   230 |   633 |    83 ||  1099
Block: Buckler           |       |       |       |   267 |   109 ||   376
